 Seeded DCSS version 0.30-a0-121-gb27577e5d9 (webtiles) character file.

Game seed: 14929284675516954093 (custom seed)

12 NinjaNoafa the Insei (level 2, 21/21 HPs)
             Began as a Demonspawn Transmuter on Sept 14, 2022.
             Quit the game on level 1 of the Dungeon on Sept 15, 2022.
             The game lasted 00:01:29 (381 turns).

NinjaNoafa the Insei (Demonspawn Transmuter)         Turns: 381, Time: 00:01:30

Health: 21/21      AC:  4    Str: 10    XL:     2   Next: 20%
Magic:  5/5        EV: 12    Int: 14    God:
Gold:   4          SH:  0    Dex: 13    Spells: 4/5 levels left

rFire   . . .      SeeInvis .      - Unarmed
rCold   . . .      Faith    .    (no shield)
rNeg    . . .      Spirit   .    a - +0 robe
rPois   .          Reflect  .    (no helmet)
rElec   .          Harm     .    (no cloak)
rCorr   .          Rampage  .    (no gloves)
Will    .....                    (no boots)
Stlth   +.........               (no amulet)
HPRegen 0.07/turn                (no ring)
MPRegen 0.09/turn                (no ring)

@: no status effects
A: yellow scales 1
a: no special abilities


You were on level 1 of the Dungeon.
You visited 1 branch of the dungeon, and saw 1 of its levels.

You collected 4 gold pieces.

Inventory:

Missiles
 e - 5 stones
Armour
 a - a +0 robe (worn)
Scrolls
 c - a scroll of enchant weapon {unknown}
Potions
 b - 2 potions of lignification
 d - a potion of attraction {unknown}


   Skills:
 - Level 1.0 Fighting
 - Level 1.7 Dodging
 + Level 3.0 Unarmed Combat
 - Level 2.0 Spellcasting
 + Level 2.2 Transmutations


You had 4 spell levels left.
You knew the following spells:

 Your Spells              Type           Power      Damage    Failure   Level
a - Beastly Appendage     Tmut           14%        N/A       10%         1

Your spell library contained the following spells:

 Spells                   Type           Power      Damage    Failure   Level
 Wereblood                Tmut           7%         N/A       14%         2
 Spider Form              Tmut/Pois      4%         N/A       41%         3
 Ice Form                 Ice/Tmut       4%         N/A       83%         4
 Blade Hands              Tmut           3%         N/A       95%         5
 Irradiate                Conj/Tmut      2%         3d12      99%         5
 Dragon Form              Tmut           3%         N/A       100%        7


Dungeon Overview and Level Annotations

Branches:
Dungeon (1/15)

Altars:


Innate Abilities, Weirdness & Mutations

You are partially covered in yellow scales. (AC +2)


Message History

You see here a jackal corpse.
You open the door.
There is an open door here.
You open the door.
A kobold comes into view. It is wielding a +0 dagger.
The kobold shouts!
A giant cockroach comes into view.
You grow a pair of large bovine horns.
Your feet morph into talons.
An endoplasm comes into view.
There is an open door here.
You hit the kobold.
You kill the kobold!
You hit the giant cockroach. You punch the giant cockroach.
The giant cockroach is almost dead.
The giant cockroach closely misses you.
You barely miss the giant cockroach. You claw the giant cockroach.
You kill the giant cockroach!
Things that are here:
a +0 dagger; a giant cockroach corpse; a kobold corpse
Found 2 gold pieces.
The endoplasm freezes you.
You are frozen.
Okay, then.
You hit the endoplasm but do no damage. Your headbutt misses the endoplasm.
Your transformation is almost over.
The endoplasm barely misses you.
You hit the endoplasm. You claw the endoplasm.
You kill the endoplasm!
Found a dagger.
Your horns disappear.
Your talons disappear.
You now have 4 gold pieces (gained 2).
You see here a +0 dagger.
You open the door.
A dart slug comes into view.
Found a stone staircase leading down.
Saving game... please wait.
Welcome back, NinjaNoafa the Demonspawn Transmuter.
Game seed: 14929284675516954093 (custom seed) Press ? for a list of commands and other information.
Are you sure you want to abandon this character and quit the game? (Confirm with "yes".)

######### #.......###
#.........# #####
#.........# #...#
#...###...# # #...#
#...# #...# .# #...#
#...# #...# w.#
#...###...###...##...#
'...').........)@'>..#
#...##############...#
.#### ..# ..## ...
#..## ### ##..###
......## .......#
....##...#


You could see a dart slug (asleep).

Vanquished Creatures
  2 bats (D:1)
  2 endoplasms (D:1)
  A giant cockroach (D:1)
  2 jackals (D:1)
  2 kobolds (D:1)
9 creatures vanquished.

Notes
Turn   | Place    | Note
-------+----------+-------------------------------------------
     0 | D:1      | NinjaNoafa the Demonspawn Transmuter began the quest for
                  | the Orb.
     0 | D:1      | Reached XP level 1. HP: 15/15 MP: 3/3
   244 | D:1      | Reached skill level 3 in Unarmed Combat
   244 | D:1      | Gained mutation: You are partially covered in yellow
                  | scales. (AC +2) [demonic ancestry]
   244 | D:1      | Reached XP level 2. HP: 16/21 MP: 3/5
   381 | D:1      | Quit the game

Illustrated notes

Levels and vault maps discovered:
D:1:      nagdon_arrival_double_spiral, layout_basic,
          dreamdust_ecumenical_altar_drowned_temple

Skill      XL: |  1 |
---------------+----+-----
Transmutations | 2 |  2.2
Unarmed Combat | 3 |  3.0
Fighting       | |  1.0
Dodging        | |  1.7
Spellcasting   | |  2.0

Action                   || total
-------------------------++-------
Melee: Unarmed           ||    23
       Kick              ||     4
       Headbutt          ||     2
       Punch             ||     2
 Cast: Beastly Appendage ||     6
Armor: Robe              ||     7
Dodge: Dodged            ||    21

Table legend: (Time is in decaauts)
 A = Elapsed time spent in this place.
 B = Non-inter-level travel time spent in this place.
 C = Inter-level travel time spent in this place.
 D = Time resting spent in this place.
 E = Time spent auto-exploring this place.
 F = Levels seen in this place.
 G = Mean time per level.
                   A        B        C        D        E       F      G
               +--------+--------+--------+--------+--------+-----+--------+
         Total |    379 |    379 |      0 |      0 |    302 |   1 |  379.0 |
       Dungeon |    379 |    379 |      0 |      0 |    302 |   1 |  379.0 |
               +--------+--------+--------+--------+--------+-----+--------+

Top non-repeatable levels by time:
     D:1: 379 daAuts
